 Dungeon Crawl Stone Soup version 0.27-a0-906-g0a00ce863d (webtiles) character file.

Game seed: 13576020450316249805

18 Lanoc the Digger (level 2, -1/21 HPs)
             Began as a Troll Earth Elementalist on Apr 7, 2021.
             Was a Follower of Hepliaklqana.
             Slain by an adder (4 damage)
             ... on level 2 of the Dungeon.
             The game lasted 00:01:11 (836 turns).

Lanoc the Digger (Troll Earth Elementalist)          Turns: 836, Time: 00:01:11

Health: -1/21      AC:  4    Str: 15    XL:     2   Next: 51%
Magic:  2/2        EV: 10    Int: 11    God:    Hepliaklqana [*.....]
Gold:   50         SH:  0    Dex: 10    Spells: 2/3 levels left

rFire    . . .     SeeInvis .   (no weapon)
rCold    . . .     Faith    .   (no shield)
rNeg     . . .     Spirit   .   c - +0 robe
rPois    .         Reflect  .   (helmet restricted)
rElec    .         Harm     .   (no cloak)
rCorr    .         Rampage  .   (gloves unavailable)
Will     .....                  (boots unavailable)
Stlth    +.........             (no amulet)
HPRegen  1.07/turn              (no ring)
MPRegen  0.08/turn              (no ring)

@: lethally poisoned (-1 -> -2), hasted, very quick
A: reduced essence, large, unfitting armour, claws 3, regeneration 1, shaggy fur
1, tough skin 1
a: Renounce Religion, Recall Ancestor, Ancestor Identity


You were on level 2 of the Dungeon.
You worshipped Hepliaklqana.
Hepliaklqana was aware of your devotion.
You visited 1 branch of the dungeon, and saw 2 of its levels.

You collected 50 gold pieces.

Inventory:

Missiles
 b - 121 stones
Armour
 c - a +0 robe (worn)
Scrolls
 d - 3 scrolls of blinking {unknown}
 e - a scroll of enchant weapon {unknown}
 g - a scroll of enchant armour {unknown}
Potions
 f - a potion of brilliance {unknown}


   Skills:
 + Level 2.0 Dodging
 - Level 1.0 Stealth
 - Level 1.2 Spellcasting
 - Level 0.6 Transmutations
 * Level 3.3 Earth Magic


You had 2 spell levels left.
You knew the following spells:

 Your Spells              Type           Power      Damage    Failure   Level
a - Sandblast             Erth           14%        2d6       9%          1

Your spell library contained the following spells:

 Spells                   Type           Power      Damage    Failure   Level
 Passwall                 Tmut/Erth      3%         N/A       22%         2
 Stone Arrow              Conj/Erth      8%         3d7       43%         3
 Petrify                  Tmut/Erth      4%         N/A       80%         4
 Lee's Rapid Deconstruct  Erth           3%         3d6*      92%         5


Dungeon Overview and Level Annotations

Branches:
Dungeon (2/15)

Altars:
Hepliaklqana


Innate Abilities, Weirdness & Mutations

Your life essence is reduced to manifest your ancestor. (-10% HP)
You are too large for most types of armour.
You have claws for hands.
Your natural rate of healing is unusually fast.
You are covered in fur. (AC +1)
You have tough skin. (AC +1)


Message History

Found a scroll labelled HEQIFR EGEJECH.
You scratch the ball python.
You kill the ball python!
Your Dodging skill increases to level 2!
No target in view!
g - a scroll labelled HEQIFR EGEJECH You now have 50 gold pieces (gained 11).
Found a dagger.
An adder comes into view.
Found a stone staircase leading up.
An adder is nearby!
An adder comes into view.
The adder hisses angrily. x2
The adder bites you.
You are poisoned.
The adder poisons you! The adder completely misses you.
You scratch the adder.
The adder is moderately wounded.
You feel sick. The adder bites you.
You are more poisoned.
The adder poisons you! The adder barely misses you.
You closely miss the adder.
The adder is moderately wounded.
You feel sick. The adder bites you.
The adder bites you but does no damage. Ælfthryth hits the adder.
You scratch the adder.
The adder is heavily wounded.
You feel sick. The adder bites you. x2
You are more poisoned.
The adder poisons you! Ælfthryth closely misses the adder.
The adder bites you.
* * * LOW HITPOINT WARNING * * *
The adder bites you but does no damage.
You are too injured to fight recklessly!
* * * LOW HITPOINT WARNING * * *
You feel very sick. Ælfthryth closely misses the adder.
The adder bites Ælfthryth. Ælfthryth is destroyed!
It was a potion of haste.
You feel yourself speed up.
You feel sick. The adder bites you.
You die...

##.####.# #.....#.#
##.....#.#.#
#......<.#.#
#........#.###
............
##.......##
#.SS......## # ##
##@...?..##.$. ..
#......###.# #.
#.#...#....## #.
.##.##....#...# #.
.)........#...#####.
........#####.......
..#.###...#...#####.
#..#.#####.#...#####.
......#...........


You could see 2 adders.

Vanquished Creatures
  A bat (D:1)
  2 endoplasms (D:1)
  2 giant cockroaches (D:1)
  5 goblins (D:1)
  3 ball pythons
  2 kobolds
  A rat (D:1)
16 creatures vanquished.

Vanquished Creatures (others)
  An ancestor (D:2)
1 creature vanquished.

Grand Total: 17 creatures vanquished

Notes
Turn   | Place    | Note
-------+----------+-------------------------------------------
     0 | D:1      | Lanoc the Troll Earth Elementalist began the quest for the
                  | Orb.
     0 | D:1      | Reached XP level 1. HP: 16/16 MP: 1/1
    78 | D:1      | Reached skill level 3 in Earth Magic
   124 | D:1      | Reached XP level 2. HP: 24/24 MP: 2/2
   191 | D:1      | Found a faded altar of an unknown god.
   194 | D:1      | Became a worshipper of Hepliaklqana the Forgotten
   194 | D:1      | Reached * piety under Hepliaklqana
   836 | D:2      | Slain by an adder

Illustrated notes

Levels and vault maps discovered:
D:1:      dpeg_arrival_water_temple_mockup, layout_loops_ring,
          chequers_ecumenical_altar_grove, dk_noncrumbling_3
D:2:      layout_loops_ring, grunt_decor_fettered

Skill      XL: |  1  2 |
---------------+-------+-----
Earth Magic    | 3 |  3.3
Dodging        | 2 |  2.0
Stealth        | |  1.0
Spellcasting   | |  1.2
Transmutations | |  0.6

Action                   || total
-------------------------++-------
Melee: Unarmed           ||    45
  Use: Potion            ||     1
 Stab: Sleeping          ||     4
Armor: Robe              ||    14
Dodge: Dodged            ||    18

Table legend: (Time is in decaauts)
 A = Elapsed time spent in this place.
 B = Non-inter-level travel time spent in this place.
 C = Inter-level travel time spent in this place.
 D = Time resting spent in this place.
 E = Time spent auto-exploring this place.
 F = Levels seen in this place.
 G = Mean time per level.
                   A        B        C        D        E       F      G
               +--------+--------+--------+--------+--------+-----+--------+
         Total |    835 |    789 |     46 |      0 |    674 |   2 |  417.5 |
       Dungeon |    835 |    789 |     46 |      0 |    674 |   2 |  417.5 |
               +--------+--------+--------+--------+--------+-----+--------+

Top non-repeatable levels by time:
     D:1: 782 daAuts
     D:2: 53 daAuts
